 Dungeon Crawl Stone Soup version 0.14-a0-1969-g2c76abe (webtiles) character file.

61102 ReteAZ the Brawler (level 14, 0/136 HPs)
             Began as a Troll Monk on Jan 16, 2014.
             Was the Champion of Dithmengos.
             Slain by Rupert
             ... wielding a +4,+1 dwarven battleaxe of venom
              (26 damage)
             ... on Level 1 of the Spider Nest.
             The game lasted 02:04:36 (22369 turns).

ReteAZ the Brawler (Troll Monk)                    Turns: 22369, Time: 02:04:36

HP   0/136       AC 22     Str 22      XL: 14   Next: 49%
MP  13/13        EV 13     Int  8      God: Dithmengos [******]
Gold 2757        SH  0     Dex 14      Spells:  3 memorised, 11 levels left

rFire  . . .     SeeInvis .       - Unarmed
rCold  . . .     Clarity  .     j - +1 swamp dragon armour
rNeg   . . .     Conserve .     (shield restricted)
rPois  +         rCorr    +     e - +2 hat
rElec  .         rRot     .     (no cloak)
SustAb . .       Spirit   .     (gloves unavailable)
rMut   .         Warding  .     (boots unavailable)
Gourm  +         Stasis   .     l - amulet of resist corrosion
MR     +....                    S - ring of Robustness {AC+8}
                                P - +4,+6 ring of slaying

@: about to teleport, invisible, very slightly contaminated, wreathed by umbra,
somewhat resistant to hostile enchantments, unstealthy
A: unfitting armour, claws 3, fast metabolism 3, gourmand, regeneration 2,
saprovore 2, shaggy fur 1, tough skin 2
a: Shadow Step, Shadow Form, Renounce Religion


You were on level 1 of the Spider Nest.
You worshipped Dithmengos.
Dithmengos was exalted by your worship.
You were full.

You visited 5 branches of the dungeon, and saw 29 of its levels.
You also visited: Labyrinth, Sewer and Ossuary.

You collected 2757 gold pieces.

Inventory:

Missiles
 F - 4 large rocks (quivered)
Armour
 e - a +2 hat (worn)
 j - a +1 swamp dragon armour (worn)
 B - a +0 mottled dragon hide
Magical devices
 d - a wand of lightning (4)
 k - a wand of disintegration (8)
 K - a wand of cold (7)
Comestibles
 b - 5 strawberries
 g - a slice of pizza
 h - 6 bread rations
 i - 2 chokos
 m - a sausage
 n - 3 pears
 q - 6 meat rations
Scrolls
 c - a scroll of brand weapon
 r - a scroll of teleportation
 G - a scroll of identify
 H - a scroll of summoning
 M - 4 scrolls of remove curse
 N - a scroll of fog
Jewellery
 l - an amulet of resist corrosion (around neck)
 C - an uncursed ring of ice
 D - an uncursed ring of regeneration
 P - a +4,+6 ring of slaying (left claw)
 S - the ring of Robustness (right claw) {AC+8}
   (You found it in a labyrinth)

   [ring of protection]

   It affects your AC (+8).
Potions
 p - 6 potions of curing
 t - 2 potions of heal wounds
 u - a potion of speed
 v - a potion of agility
 x - a potion of flight
 E - 2 potions of restore abilities


   Skills:
 - Level 8.2 Fighting
 - Level 5.4 Armour
 - Level 10.0 Dodging
 - Level 1.1 Stealth
 + Level 15.8 Unarmed Combat
 + Level 2.0 Spellcasting
 - Level 7.0 Charms
 - Level 5.0 Translocations


You had 11 spell levels left.
You knew the following spells:

 Your Spells              Type           Power        Failure   Level  Hunger
a - Blink                 Tloc           N/A          10%         2    ###....
b - Repel Missiles        Chrm/Air       #.........   14%         2    ###....
c - Swiftness             Chrm/Air       #.......     14%         2    ###....


Dungeon Overview and Level Annotations

Branches:
Dungeon (16/16)            Temple (1/1) D:5             Orc (3/4) D:11
    Elf (0/3) Orc:3          Lair (8/8) D:11          Swamp (0/5) Lair:6
 Spider (1/5) Lair:6        Slime (0/6) Lair:7       Vaults (0/5) D:15
 Depths: D:16

Altars:
Ashenzari
Cheibriados
Dithmengos
Elyvilon
Fedhas
Kikubaaqudgha
Makhleb
Nemelex Xobeh
Okawaru
Trog
Vehumet
Xom
Yredelemnul
Zin
the Shining One
Beogh

Shops:
D:6 :   D:11 !

Portals:
Hell: Lair:8

Annotations:
D:15 exclusion: Roxanne, Roxanne
Spider:1 Harold, Rupert


Innate Abilities, Weirdness & Mutations

You are too large for most types of armour.
You have claws for hands.
Your metabolism is lightning-fast.
You like to eat raw meat.
You heal very quickly.
You can eat rotten meat.
You are covered in fur (AC +1).
You have very tough skin (AC +2).


Message History

Rupert hits you with a glowing dwarven battleaxe.
Drink which item? (? for menu, Esc to quit)
You feel better.
Rupert hits you with a glowing dwarven battleaxe!
Harold hits you but does no damage.
Read which item? (? for menu, Esc to quit)
As you read the scroll of teleportation, it crumbles to dust.
You feel strangely unstable.
Rupert hits you with a glowing dwarven battleaxe!
* * * LOW HITPOINT WARNING * * *
Rupert hits you but does no damage.
Read which item? (? for menu, Esc to quit)
Okay, then.
Drink which item? (? for menu, Esc to quit)
You feel much better. Harold casts a spell at you. The bolt of fire hits you!
* * * LOW HITPOINT WARNING * * *
Rupert hits you with a glowing dwarven battleaxe!
You die...

......≈≈≈≈≈≈≈ ≈≈#
###^..#≈#≈# ≈≈#
#...#^.≈≈≈###≈#
##....##.#≈≈## #
#.........#≈≈#
#...#...#<.#..≈≈#
....#.#...#...#≈≈#
#.....#.#@.#..#≈≈≈≈#
#.#....@.#≈≈##≈##
≈....).#.@##≈≈## #
##...#>#).≈#≈≈#
≈..#....#.#..##
##.....#.....#
.^.##.#.#...## #
#.......## #.#. ....
##.?#.....


You could see Rupert (berserk) and Harold.

Vanquished Creatures
  Louise (Spider:1)
  2 dire elephants (Lair:8)
  A minotaur (Lab)
  Fannar (D:10)
  5 hydras
  4 death yaks (Lair:8)
  3 centaur warriors
  A sun demon (Lair:8)
  Erolcha (Orc:2)
  4 unseen horrors
  A wizard (Lair:8)
  An orc knight (Orc:3)
  A lindwurm (D:15)
  5 hill giants
  Joseph (D:11)
  A griffon (Lair:6)
  2 cyclopes
  7 spiny frogs
  3 black mambas
  2 octopodes (D:11)
  4 elephants (Lair:8)
  A guardian serpent (D:11)
  A sixfirhy (Lair:8)
  An item mimic (D:15)
  6 orange demons (Lair:8)
  2 red devils (Lair:8)
  A hellwing (Lair:8)
  A wandering mushroom (Lair:8)
  A hydra zombie (D:13)
  5 komodo dragons
  An orb spider (Lair:6)
  A polar bear (Lair:5)
  4 trolls
  2 giant leeches (Lair:6)
  A boulder beetle (Lair:7)
  20 blink frogs
  3 slime creatures (D:7)
  2 shadows (D:15)
  3 sharks
  A basilisk (Lair:6)
  25 ugly things
  A wraith (D:11)
  A water elemental (D:11)
  36 yaks
  2 wyverns
  A trapdoor spider (D:11)
  A hill giant zombie (D:10)
  6 hippogriffs
  5 wolves (Lair:5)
  A hungry ghost (D:10)
  A mottled dragon (D:14)
  Menkaure (D:7)
  8 porcupines
  A deep dwarf (D:8)
  2 ice beasts
  5 giant goldfish
  20 orc warriors
  Purgy (Sewer)
  5 black bears
  A hell hound (Lair:8)
  3 sky beasts
  A phantom (D:9)
  7 ogres
  10 centaurs
  18 crocodiles
  16 giant frogs
  8 giant slugs
  A rotting devil (Lair:8)
  4 big kobolds
  6 agate snails
  A hell hound zombie (Lair:8)
  12 water moccasins
  A cyclops zombie (D:14)
  2 jellies
  A komodo dragon skeleton (D:14)
  3 cyclops skeletons
  2 yak zombies
  An eye of draining (D:14)
  4 wights (D:8)
  12 killer bees
  3 jellyfish
  6 electric eels
  3 goliath beetles
  3 big fish
  11 crimson imps
  2 centaur zombies (Ossuary)
  A giant frog zombie (D:9)
  16 hounds
  17 orc priests
  7 scorpions
  8 iguanas
  28 orc wizards
  2 giant frog skeletons (D:4)
  13 worker ants
  6 sheep
  2 big kobold zombies (Ossuary)
  An ogre zombie (D:7)
  2 ogre skeletons
  A hound skeleton (D:8)
  5 mummies
  7 gnolls
  25 adders
  7 giant centipedes
  32 green rats
  An inept feature mimic (D:8)
  5 giant mites
  A goliath beetle zombie (D:12)
  5 worms
  5 giant eyeballs
  9 giant geckos
  An ooze (D:3)
  142 orcs
  7 giant cockroaches
  18 goblins
  11 hobgoblins
  13 jackals
  2 ball pythons
  17 bats
  9 giant newts
  A giant spore (D:8)
  A goblin skeleton (D:5)
  33 kobolds
  A kobold skeleton (D:4)
  2 orc zombies (D:6)
  17 quokkas
  25 rats
  9 ballistomycetes
  A fungus (Lair:7)
889 creatures vanquished.

Vanquished Creatures (collateral kills)
  A hobgoblin (D:10)
1 creature vanquished.

Vanquished Creatures (others)
  An orc (Orc:2)
  A giant spore (D:9)
  A fungus (Lair:6)
3 creatures vanquished.

Grand Total: 893 creatures vanquished

Notes
Turn   | Place    | Note
--------------------------------------------------------------
     0 | D:1      | ReteAZ, the Troll Monk, began the quest for the Orb.
     0 | D:1      | Reached XP level 1. HP: 22/22 MP: 1/1
   235 | D:1      | Reached XP level 2. HP: 29/29 MP: 1/1
   400 | D:1      | You fall through a shaft!
  1240 | D:2      | Reached XP level 3. HP: 36/36 MP: 2/2
  1588 | D:3      | Reached skill level 5 in Unarmed Combat
  1588 | D:3      | Reached XP level 4. HP: 40/44 MP: 2/2
  2257 | D:4      | Reached XP level 5. HP: 50/50 MP: 2/2
  2328 | D:4      | Reached skill level 6 in Unarmed Combat
  2453 | D:4      | Noticed an ice beast
  2472 | D:4      | Killed an ice beast
  2472 | D:4      | Reached XP level 6. HP: 29/59 MP: 3/3
  2768 | D:4      | Reached skill level 7 in Unarmed Combat
  2773 | D:4      | Reached XP level 7. HP: 31/66 MP: 3/3
  2987 | D:5      | Entered Level 5 of the Dungeon
  2991 | D:5      | Paralysed by a giant eyeball for 4 turns
  3038 | D:5      | Found a white marble altar of Elyvilon.
  3353 | D:5      | Found a white marble altar of Elyvilon.
  3396 | D:5      | Found a staircase to the Ecumenical Temple.
  3426 | Temple   | Entered the Ecumenical Temple
  3619 | D:6      | Found a sand-covered staircase.
  3627 | Ossuary  | Entered an ossuary
  3635 | Ossuary  | Reached skill level 5 in Dodging
  3823 | D:6      | Found Apiali's Book Boutique.
  3890 | D:6      | Found a glowing drain.
  3902 | D:6      | Reached skill level 8 in Unarmed Combat
  3951 | Sewer    | Entered a sewer
  3975 | Sewer    | Noticed Purgy
  3979 | Sewer    | Killed Purgy
  3979 | Sewer    | Reached XP level 8. HP: 59/74 MP: 3/3
  4739 | D:7      | Reached skill level 9 in Unarmed Combat
  4825 | D:7      | Found a shadowy altar of Dithmengos.
  4837 | D:7      | Became a worshipper of Dithmengos
  4837 | D:7      | Acquired Dithmengos' first power
  4885 | D:7      | Noticed a slime creature
  4889 | D:7      | Noticed a slime creature
  4899 | D:7      | Killed a slime creature
  4908 | D:7      | Killed a slime creature
  4908 | D:7      | Reached skill level 10 in Unarmed Combat
  4985 | D:7      | Noticed a slime creature
  4995 | D:7      | Killed a slime creature
  4995 | D:7      | Reached XP level 9. HP: 76/80 MP: 4/4
  5059 | D:7      | Noticed Menkaure
  5077 | D:7      | Killed Menkaure
  5458 | D:7      | Reached skill level 11 in Unarmed Combat
  5463 | D:7      | Learned a level 2 spell: Blink
  5466 | D:7      | Learned a level 2 spell: Repel Missiles
  5651 | D:8      | Found a blossoming altar of Fedhas.
  5652 | D:8      | Found a glowing silver altar of Zin.
  5687 | D:8      | Reached skill level 1 in Armour
  5782 | D:8      | Found a burning altar of Makhleb.
  5919 | D:8      | Acquired Dithmengos' second power
  6178 | D:9      | Reached skill level 12 in Unarmed Combat
  6178 | D:9      | Reached XP level 10. HP: 88/88 MP: 4/4
  6444 | D:9      | Reached skill level 5 in Armour
  6623 | D:9      | Found a shimmering altar of Xom.
  6685 | D:9      | Identified a scroll of acquirement
  6828 | D:10     | Entered Level 10 of the Dungeon
  6946 | D:10     | Acquired Dithmengos' third power
  7130 | D:10     | Paralysed by a giant eyeball for 2 turns
  7139 | D:10     | Paralysed by a giant eyeball for 2 turns
  7145 | D:10     | Paralysed by a giant eyeball for 2 turns
  7218 | D:9      | Reached skill level 13 in Unarmed Combat
  7429 | D:10     | Noticed a hill giant
  7436 | D:10     | Killed a hill giant
  7538 | D:10     | Noticed Fannar
  7554 | D:10     | Killed Fannar
  7554 | D:10     | Reached skill level 1 in Translocations
  7554 | D:10     | Reached XP level 11. HP: 82/100 MP: 4/4
  7941 | D:11     | Found Qeag's Distillery.
  7973 | D:11     | Noticed Joseph
  7998 | D:11     | Killed Joseph
  8042 | D:11     | Got a pitted turquoise ring
  8116 | D:11     | Identified the cursed ring of Urefom {EV-3 Str+2 Acc+2} (You took it off an octopode on level 11 of the Dungeon)
  8159 | D:11     | Found a staircase to the Lair.
  8373 | D:11     | Reached skill level 14 in Unarmed Combat
  8631 | D:11     | Acquired Dithmengos' fourth power
  8808 | D:11     | Found a staircase to the Orcish Mines.
  8926 | Lair:1   | Entered Level 1 of the Lair of Beasts
  9051 | Lair:1   | Found a snail-covered altar of Cheibriados.
  9853 | Lair:2   | Reached skill level 5 in Translocations
 10004 | Lair:2   | Noticed a lindwurm
 10007 | Lair:2   | Noticed a lindwurm
 10022 | Lair:2   | Noticed a lindwurm
 10035 | Lair:2   | Noticed a lindwurm
 10151 | Lair:3   | Reached skill level 1 in Charms
 10340 | Lair:3   | Reached XP level 12. HP: 107/107 MP: 5/5
 10805 | Lair:4   | Reached skill level 15 in Unarmed Combat
 11792 | Lair:6   | Found a labyrinth entrance.
 11801 | Lab      | Entered a labyrinth
 12862 | Lab      | Noticed a minotaur
 12865 | Lab      | Killed a minotaur
 12902 | Lair:6   | Learned a level 2 spell: Swiftness
 13052 | Lair:6   | Found a hole to the Spider Nest.
 13424 | Lair:6   | Found a staircase to the Swamp.
 13932 | Lair:7   | Reached skill level 5 in Charms
 14248 | Lair:7   | Found a staircase to the Slime Pits.
 14997 | Lair:8   | Entered Level 8 of the Lair of Beasts
 15075 | Lair:8   | Noticed a six-headed hydra
 15080 | Lair:8   | Noticed a dire elephant
 15086 | Lair:8   | Killed an eight-headed hydra
 15086 | Lair:8   | Reached XP level 13. HP: 94/114 MP: 5/5
 15095 | Lair:8   | Killed a dire elephant
 15532 | Orc:1    | Entered Level 1 of the Orcish Mines
 16267 | Orc:3    | Found a staircase to the Elven Halls.
 16656 | Orc:2    | Found a roughly hewn altar of Beogh.
 16895 | Orc:2    | Noticed Erolcha
 16910 | Orc:2    | Killed Erolcha
 18301 | D:13     | Reached skill level 10 in Dodging
 18496 | D:13     | Got an ichor-stained hat
 18500 | D:13     | Identified the -3 hat "Xiplos" {rC+ Int-3} (You acquired it on level 13 of the Dungeon)
 18828 | D:13     | Reached skill level 5 in Fighting
 19535 | D:15     | Entered Level 15 of the Dungeon
 19648 | D:15     | Noticed Roxanne
 20274 | D:15     | Found a gate to the Vaults.
 20280 | D:15     | Reached XP level 14. HP: 120/133 MP: 5/5
 20282 | D:15     | Identified Sif Muna's Incunabulum of the Excruciating Birds (You found it on level 15 of the Dungeon)
 20679 | D:16     | Entered Level 16 of the Dungeon
 21826 | Lair:8   | Noticed an eight-headed hydra
 21834 | Lair:8   | Killed an eight-headed hydra
 21927 | Lair:8   | Noticed a dire elephant
 21938 | Lair:8   | Killed a dire elephant
 21974 | Lair:8   | Paralysed by a wizard for 6 turns
 22007 | Lair:8   | Found a burning altar of Makhleb.
 22020 | Lair:8   | Reached skill level 1 in Spellcasting
 22162 | Lair:8   | Found a gateway to Hell.
 22309 | Spider:1 | Entered Level 1 of the Spider Nest
 22329 | Spider:1 | Noticed Louise
 22338 | Spider:1 | Noticed Harold
 22348 | Spider:1 | Killed Louise
 22350 | Spider:1 | Noticed Rupert
 22358 | Spider:1 | Paralysed by Rupert for 7 turns
 22369 | Spider:1 | Slain by Rupert

Action                   |  1- 3 |  4- 6 |  7- 9 | 10-12 | 13-15 || total
-------------------------+-------+-------+-------+-------+-------++-------
Melee: Unarmed           |    78 |   142 |   430 |   822 |   668 ||  2140
Throw: Dart              |     9 |    27 |    36 |       |       ||    72
       Large rock        |       |       |     3 |    34 |    42 ||    79
Evoke: Wand              |       |       |       |    10 |     1 ||    11
  Use: Scroll            |     7 |     4 |    16 |    15 |     5 ||    47
       Potion            |       |       |       |     1 |     4 ||     5
 Stab: Sleeping          |     1 |     1 |     2 |     1 |     2 ||     7
       Distracted        |       |       |       |       |     1 ||     1
       Invisible         |       |       |       |       |     3 ||     3
